 Dungeon Crawl Stone Soup version 0.17.2-1-ge4368a0 (webtiles) character file.

157 tidbits the Changer (level 4, 2/34 HPs)
             Began as a Demigod Transmuter on Sept 21, 2017.
             Quit the game on level 4 of the Dungeon.
             The game lasted 00:06:54 (771 turns).

tidbits the Changer (Demigod Transmuter)             Turns: 771, Time: 00:06:54

Health: 2/34       AC:  7    Str: 13    XL:     4   Next: 93%
Magic:  1/9        EV: 18    Int: 24    God:
Gold:   74         SH:  0    Dex: 21    Spells: 3 memorised, 1 level left

rFire  . . .     SeeInvis .     g - +0 short sword (protect)
rCold  . . .     Clarity  .     b - +0 robe
rNeg   . . .     SustAt   +     (no shield)
rPois  .         Gourm    .     (no helmet)
rElec  .         Spirit   .     (no cloak)
rCorr  .         Warding  .     (no gloves)
rMut   .         Stasis   .     (boots currently unavailable)
MR     .....                    (no amulet)
Stlth  +++.......               (no ring)
                                (no ring)

@: brilliant, agile, lethally poisoned (2 -> -5), appendage, flying, very
slightly contaminated, not resistant to hostile enchantments, fairly stealthy
A: talons 3, high mp 1, sustain attributes
a: End Transformation


You were on level 4 of the Dungeon.
You were not hungry.
You had grown temporary talons.
You visited 1 branch of the dungeon, and saw 4 of its levels.

You collected 74 gold pieces.

Inventory:

Hand Weapons
 g - a +0 short sword of protection (weapon)
   (You took it off a kobold on level 2 of the Dungeon)
Missiles
 a - 26 arrows
 n - 4 tomahawks (quivered)
Armour
 b - a +0 robe (worn)
 f - a +0 large shield
   (You found it on level 2 of the Dungeon)
Scrolls
 e - a scroll of amnesia {unknown}
 i - a scroll of fear {unknown}
 j - a scroll of remove curse {unknown}
Potions
 h - a potion of brilliance
 l - a potion of might
 p - a potion of agility
Books
 c - a book of Changes

   Spells                             Type                      Level
   a - Beastly Appendage              Transmutation                1
   b - Sticks to Snakes               Transmutation                2
   c - Spider Form                    Transmutation/Poison         3
   d - Ice Form                       Ice/Transmutation            4
   e - Blade Hands                    Transmutation                5
Comestibles
 d - 2 bread rations
 o - a meat ration


   Skills:
 - Level 0.8 Fighting
 - Level 1.7 Dodging
 - Level 3.0 Unarmed Combat
 - Level 2.0 Spellcasting
 + Level 4.5 Transmutations


You had one spell level left.
You knew the following spells:

 Your Spells              Type           Power        Failure   Level  Hunger
e - Beastly Appendage     Trmt           #####.       1%          1    #......
k - Sticks to Snakes      Trmt           #####.....   1%          2    ##.....
p - Spider Form           Trmt/Pois      ####......   2%          3    ###....


Dungeon Overview and Level Annotations

Branches:
Dungeon (4/15)
 Temple: D:4-7

Shops:
D:4 (


Innate Abilities, Weirdness & Mutations

You have an increased reservoir of magic (+10% MP).
Your attributes are resistant to harm.
You have claws for feet.


Message History

The worker ant waves its antennae.
Found a bubbling grey potion.
The worker ant barely misses you. The worker ant bites you.
You see here 20 poisoned arrows.
You hit the worker ant but do no damage.
The worker ant misses you.
Casting: Sticks to Snakes
Confirm with . or Enter, or press ? or * to list all spells.
Your feet morph into talons.
The worker ant bites you but does no damage.
You hit the worker ant.
You claw the worker ant, but do no damage.
The worker ant is moderately wounded.
The worker ant bites you.
You are poisoned.
The worker ant poisons you!
You hit the worker ant. Your kick misses the worker ant.
The worker ant is severely wounded.
You feel sick. The worker ant misses you. The worker ant misses you.
You hit the worker ant.
You claw the worker ant, but do no damage.
The worker ant is almost dead.
You feel sick. The worker ant completely misses you.
You hit the worker ant but do no damage.
Your kick misses the worker ant.
The worker ant is almost dead.
You feel sick. The worker ant closely misses you.
You barely miss the worker ant. Your kick misses the worker ant.
You punch the worker ant, but do no damage.
The worker ant is almost dead.
The worker ant closely misses you. The worker ant bites you.
* * * LOW HITPOINT WARNING * * *
You are more poisoned.
The worker ant poisons you!
You hit the worker ant.
You claw the worker ant, but do no damage.
The worker ant is almost dead.
You feel sick. The worker ant bites you.
* * * LOW HITPOINT WARNING * * *
Drink which item? (? for menu, Esc to quit)
You feel very buoyant.
You fly up into the air.
You feel sick. The worker ant misses you.
The worker ant bites you but does no damage.
Drink which item? (? for menu, Esc to quit)
It was a potion of brilliance.
You feel clever all of a sudden.
You feel sick.
The worker ant bites you but does no damage.
The worker ant misses you.
You closely miss the worker ant.
The worker ant is almost dead.
You feel sick. The worker ant barely misses you. The worker ant bites you.
* * * LOW HITPOINT WARNING * * *
You are more poisoned.
The worker ant poisons you! The worker ant bites you.
* * * LOW HITPOINT WARNING * * *
You are more poisoned.
The worker ant poisons you!
You hit the worker ant.
You kill the worker ant!
* * * LOW HITPOINT WARNING * * *
You feel sick. The worker ant bites you.
* * * LOW HITPOINT WARNING * * *
You are more poisoned.
The worker ant poisons you! The worker ant bites you.
* * * LOW HITPOINT WARNING * * *
You are more poisoned.
The worker ant poisons you!
Drink which item? (? for menu, Esc to quit)
It was a potion of curing.
You feel better. The worker ant bites you.
* * * LOW HITPOINT WARNING * * *
You closely miss the worker ant. The worker ant barely misses you.
Casting: Beastly Appendage
Confirm with . or Enter, or press ? or * to list all spells.
You create 2 snakes!
The worker ant misses you.
You hit the worker ant but do no damage.
The worker ant misses you.
Your adder bites the worker ant but does no damage. x2
The worker ant bites you.
* * * LOW HITPOINT WARNING * * *
You are lethally poisoned!
The worker ant poisons you!
You hit the worker ant but do no damage.
Your kick misses the worker ant.
* * * LOW HITPOINT WARNING * * *
You feel sick.
Your adder bites the worker ant.
The worker ant is poisoned.
Your adder poisons the worker ant!
Your adder bites the worker ant but does no damage.
The worker ant completely misses you.
You closely miss the worker ant.
You claw the worker ant, but do no damage.
The worker ant is lightly wounded.
* * * LOW HITPOINT WARNING * * *
You feel sick.
Your adder closely misses the worker ant.
Your adder bites the worker ant.
The worker ant looks even sicker.
Your adder poisons the worker ant!
The worker ant completely misses you.
Your adder barely misses the worker ant.
Your adder bites the worker ant but does no damage.
Are you sure you want to abandon this character and quit the game? (Confirm with "yes".)

.............#a##....
#######+#.......# ...
###...........#...
##.............+....
#..#.>.........# ...
#..............# ...
#..............#
#...8.8S..#).###
#.!..>@aS.#.>#
#...8.8...#....
##........#..#.#
#........#......
###########..##.# ..#
.# #.. #


You could see a worker ant and 2 friendly adders.

Vanquished Creatures
  An ogre (D:4)
  A worker ant (D:4)
  2 adders
  2 worms
  3 giant geckos
  2 ball pythons (D:4)
  2 giant cockroaches (D:1)
  2 hobgoblins
  5 kobolds
  2 bats (D:1)
  A giant newt (D:1)
  3 jackals
  4 rats
30 creatures vanquished.

Notes
Turn   | Place    | Note
--------------------------------------------------------------
     0 | D:1      | tidbits the Demigod Transmuter began the quest for the Orb.
     0 | D:1      | Reached XP level 1. HP: 15/15 MP: 5/5
   142 | D:1      | Reached skill level 2 in Spellcasting
   195 | D:2      | Reached skill level 2 in Transmutations
   226 | D:2      | Reached XP level 2. HP: 4/22 MP: 4/7
   230 | D:2      | Reached skill level 3 in Unarmed Combat
   336 | D:2      | Found an opulent altar of Gozag.
   436 | D:1      | Learned a level 2 spell: Sticks to Snakes
   537 | D:1      | Reached XP level 3. HP: 18/27 MP: 6/8
   542 | D:1      | Learned a level 3 spell: Spider Form
   706 | D:4      | Reached skill level 3 in Transmutations
   707 | D:4      | Found Wettexaupp's Antique Weapon Emporium.
   736 | D:4      | Noticed an ogre
   745 | D:4      | Killed an ogre
   745 | D:4      | Reached skill level 4 in Transmutations
   745 | D:4      | Reached XP level 4. HP: 28/34 MP: 1/9
   764 | D:4      | HP: 3/34 [worker ant (1)]
   769 | D:4      | HP: 3/34 [poisoned by a worker ant]
   771 | D:4      | Quit the game

Action                   |  1- 3 |  4- 6 || total
-------------------------+-------+-------++-------
Melee: Unarmed           |    26 |       ||    26
       Short sword       |    55 |    13 ||    68
 Cast: Beastly Appendage |    19 |     1 ||    20
       Sticks to Snakes  |     2 |     1 ||     3
  Use: Potion            |     3 |     3 ||     6
       Scroll            |     2 |       ||     2
 Stab: Distracted        |     1 |       ||     1

Table legend:
 A = Turns spent in this place as a percentage of turns spent in the entire game.
 B = Non-inter-level travel turns spent in this place as a percentage of non-inter-level travel turns spent in the entire game.
 C = Inter-level travel turns spent in this place as a percentage of turns spent in this place.
 D = Turns resting spent in this place as a percentage of non-inter-level travel turns spent in this place.
 E = Turns spent auto-exploring this place as a percentage of non-inter-level travel turns spent in this place.
 F = Non-inter-level travel turns spent in this place divided by the number of levels of this place that you've seen.
                   A       B       C       D       E      F
               +-------+-------+-------+-------+-------+----------------------
         Total | 100.0 | 100.0 |   0.0 |   0.0 |   0.0 | 180.5
       Dungeon | 100.0 | 100.0 |   0.0 |   0.0 |   0.0 | 180.5
               +-------+-------+-------+-------+-------+----------------------

Table legend:
 A = Kills in this place as a percentage of kills in entire the game.
 B = Kills by you in this place as a percentage of kills by you in the entire game.
 C = Kills by friends in this place as a percentage of kills by friends in the entire game.
 D = Other kills in this place as a percentage of other kills in the entire game.
 E = Experience gained in this place as a percentage of experience gained in the entire game.
 F = Experience gained in this place divided by the number of levels of this place that you have seen.
                   A       B       C       D       E      F
               +-------+-------+-------+-------+-------+----------------------
         Total | 100.0 | 100.0 |  -nan |  -nan | 100.0 |  56.2
       Dungeon | 100.0 | 100.0 |  -nan |  -nan | 100.0 |  56.2
               +-------+-------+-------+-------+-------+----------------------

Vault maps used:
D:1:      lemuel_arrival_tunnels
D:2:      marbit_many_paths, lemuel_doored_altar, st_stairs_8,
          grunt_ministairs_7, grunt_dithmenos_smoke
D:3:      first_bread, uniq_grinder, uniq_natasha
D:4:      minmay_temple_entry_overgrown, serial_shops, nicolae_shop_stone,
          st_stairs_14, minmay_quantized
